 Dungeon Crawl Stone Soup version 0.30-a0-918-g0ff054e9dc (webtiles) character file.

Game seed: 11338649801342200966

3269 jasper the Cleaver (level 9, -2/71 HPs)
             Began as a Demonspawn Wanderer on Mar 20, 2023.
             Was a Priest of Makhleb.
             Slain by a yak (8 damage)
             ... on level 8 of the Dungeon.
             The game lasted 00:13:32 (7446 turns).

jasper the Cleaver (Demonspawn Wanderer)            Turns: 7446, Time: 00:13:33

Health: -2/71      AC: 11    Str: 20    XL:     9   Next: 68%
Magic:  9/9        EV:  9    Int: 10    God:    Makhleb [***...]
Gold:   342        SH:  9    Dex: 13    Spells: 8/8 levels left

rFire   + . .      SeeInvis .    a - +1 hand axe (venom)
rCold   + . .      Faith    .    (no shield)
rNeg    . . .      Spirit   .    A - +1 scale mail {rF+}
rPois   .          Reflect  +    y - +2 hat
rElec   .          Rampage  .    (no cloak)
rCorr   .                        v - +0 pair of gloves
Will    .....                    (no boots) Stlth
                                 B - amulet of reflection
HPRegen 0.31/turn                C - +4 ring of slaying
MPRegen 0.11/turn                n - ring of protection from cold

@: no status effects
A: demonic guardian 3, condensation shield
a: Renounce Religion, Minor Destruction, Lesser Servant of Makhleb


You were on level 8 of the Dungeon.
You worshipped Makhleb.
Makhleb was most pleased with you.
You visited 1 branch of the dungeon, and saw 8 of its levels.

You collected 342 gold pieces.

Inventory:

Hand Weapons
 a - a +1 hand axe of venom (weapon)
 j - a +0 trident of venom
 l - a +1 whip of distortion
Missiles
 g - 6 curare-tipped darts
 k - 19 poisoned darts (quivered)
 x - 79 stones
Armour
 d - a +0 leather armour
 h - a +0 ring mail
 q - a +1 chain mail
 v - a +0 pair of gloves (worn)
 y - a +2 hat (worn)
 A - a +1 scale mail of fire resistance (worn)
Jewellery
 n - a ring of protection from cold (right hand)
 u - a ring of magical power
 z - a ring of see invisible
 B - an amulet of reflection (around neck)
 C - a +4 ring of slaying (left hand)
 F - an amulet of faith
 I - a ring of poison resistance
 J - a +6 ring of strength
 L - a +6 ring of dexterity
Wands
 H - a wand of roots (10)
 M - a wand of quicksilver (8)
Scrolls
 c - a scroll of fear
 e - 6 scrolls of identify
 f - a scroll of teleportation
 D - 2 scrolls of enchant armour
Potions
 i - a potion of curing
 o - a potion of berserk rage
 p - a potion of might
 r - a potion of haste
 s - 2 potions of attraction
 t - 4 potions of heal wounds
 w - 3 potions of degeneration
 E - 2 potions of cancellation
 G - a potion of magic
 K - a potion of invisibility
Miscellaneous
 b - a box of beasts (inert)
 m - a phantom mirror


   Skills:
 + Level 6.4 Fighting
 * Level 9.1 Axes
 + Level 5.1 Armour
 + Level 6.9 Evocations


You had 8 spell levels left.
You didn't know any spells.
Your spell library contained the following spells:

 Spells                   Type           Power      Damage    Failure   Level
 Magic Dart               Conj           0%         1d3       71%         1
 Call Imp                 Summ           0%         N/A       83%         2
 Ignite Poison            Fire/Tmut/Pois 0%         N/A       97%         3
 Mephitic Cloud           Conj/Pois/Air  0%         N/A       97%         3
 Ozocubu's Armour         Ice            0%         N/A       97%         3
 Passage of Golubria      Tloc           0%         N/A       100%        4
 Sticky Flame             Conj/Fire      0%         2d3       100%        4
 Silence                  Hex/Air        0%         N/A       100%        5
 Ozocubu's Refrigeration  Ice            0%         4d7       100%        7
 Ignition                 Fire           0%         3d3       100%        8
 Lehudib's Crystal Spear  Conj/Erth      0%         10d2      100%        8


Dungeon Overview and Level Annotations

Branches:
Dungeon (8/15)             Temple (0/1) D:4            Lair (0/5) D:8

Altars:
Dithmenos
Makhleb
Qazlal
Ru
Wu Jian
Yredelemnul

Annotations:
D:7 3 runed translucent doors, math4jedi's ghost, novice MiBe


Innate Abilities, Weirdness & Mutations

A powerful demonic guardian rushes to your aid.
A meltable shield of frost defends you. (SH +4)


Message History

The orc priest begins to cast a cantrip, but forgets the words!
You take 4 damage, and have 27/71 hp.
You barely miss the yak.
The yak is lightly wounded.
The yak gores you but does no damage.
You barely miss the yak.
The yak is lightly wounded.
You block the yak's attack.
The orc priest mumbles some strange prayers to Beogh against you.
Beogh smites you!
* * * LOW HITPOINT WARNING * * *
You take 9 damage, and have 19/71 hp.
You closely miss the yak.
The yak is lightly wounded.
The yak gores you but does no damage.
The orc priest looks satisfied for a moment.
The yak attacks as you move away! The yak gores you.
* * * LOW HITPOINT WARNING * * *
The yak closely misses your smoke demon.
You take 5 damage, and have 14/71 hp.
Your smoke demon barely misses the yak. x2; Your smoke demon hits the yak.
The yak barely misses your smoke demon.
Your smoke demon disappears in a puff of smoke!
The yak barely misses you. You block the yak's attack.
You hit the yak but do no damage.
The yak is heavily wounded.
You hit the yak.
The yak looks even sicker.
The yak is severely wounded.
The yak gores you!
* * * LOW HITPOINT WARNING * * *
A demonic guardian appears!
You take 10 damage, and have 5/71 hp.
You swap places.
The yak gores you but does no damage.
Your soul eater closely misses the yak.
Your soul eater hits the yak but does no damage.
You barely miss the yak.
The yak is almost dead.
The yak gores you!
You die...

#....# #. #....# #. +....#### #.
#.......# #. #.......# #.
#.......# #. ##.......#
###############.
..###....#...####...............
#.........#.....@Y3...)..........
##........#..[####h##############
#####....##### #†# ... #....#####
#{# ... #........####{###### ...
#........'..YY{....# ...
+....#...####l####.). ...
#....#...#..oYY.# ...
######...#.)..### . ##.


You could see a yak (very poisoned, ally target), a warg and a friendly soul
eater (summoned).

Vanquished Creatures
  2 wargs (D:8)
  2 water moccasins
  An orc warrior (D:7)
  2 ice beasts
  A sky beast (D:7)
  4 black bears
  3 ogres
  A centaur (D:7)
  A phantom (D:7)
  A kobold brigand (D:6)
  2 scorpions
  3 bullfrogs
  A hound (D:5)
  A jelly (D:7)
  2 orc priests (D:6)
  A sleepcap (D:6)
  An iguana (D:4)
  Terence (D:2)
  6 orc wizards
  8 adders
  2 ufetubi (D:5)
  A worm (D:3)
  21 orcs
  12 bats
  6 endoplasms
  2 giant cockroaches
  7 goblins
  6 hobgoblins
  4 jackals (D:3)
  A quokka (D:1)
  13 ball pythons
  6 frilled lizards
  8 kobolds
  11 rats
144 creatures vanquished.

Vanquished Creatures (collateral kills)
  Sigmund (D:4)
  The ghost of Darius099 the Sneak, an amateur OpBr (D:4)
  2 ogres
  A kobold brigand (D:3)
  2 phantoms
  A scorpion (D:6)
  The ghost of SingularityParadox the Sneak, a weakling SpBr (D:3)
  An adder (D:2)
  A river rat (D:4)
  3 orcs
  2 endoplasms (D:2)
  A giant cockroach (D:2)
  2 goblins
  A hobgoblin (D:2)
  8 kobolds
  A rat (D:2)
29 creatures vanquished.

Vanquished Creatures (others)
  3 fungi (D:3)
  5 plants
8 creatures vanquished.

Grand Total: 181 creatures vanquished

Notes
Turn   | Place    | Note
-------+----------+-------------------------------------------
     0 | D:1      | jasper the Demonspawn Wanderer began the quest for the Orb.
     0 | D:1      | jasper set off with the following items: a +1 hand axe, a
                  | box of beasts, a scroll of fear, a +0 leather armour.
     0 | D:1      | Reached XP level 1. HP: 18/18 MP: 1/1
   107 | D:2      | Reached skill level 2 in Axes
   107 | D:2      | Gained mutation: A weak demonic guardian rushes to your
                  | aid. [demonic ancestry]
   107 | D:2      | Reached XP level 2. HP: 4/24 MP: 2/2
   114 | D:2      | Reached skill level 3 in Axes
   116 | D:2      | Reached XP level 3. HP: 6/29 MP: 3/3
   240 | D:3      | Noticed a kobold brigand
   241 | D:3      | Noticed SingularityParadox's ghost (weakling SpBr)
   242 | D:3      | Found a runed translucent gate.
   242 | D:3      | Found a runed translucent gate.
   242 | D:3      | Found a runed translucent gate.
   392 | D:4      | Noticed an ogre
   510 | D:3      | Reached XP level 4. HP: 33/35 MP: 4/4
   599 | D:3      | Reached skill level 4 in Axes
   927 | D:3      | Noticed a phantom
   945 | D:3      | Killed a phantom
   946 | D:3      | Reached skill level 5 in Axes
   946 | D:3      | Reached XP level 5. HP: 7/41 MP: 5/5
  1291 | D:3      | Killed SingularityParadox's ghost
  1292 | D:3      | Gained mutation: A demonic guardian rushes to your aid.
                  | [demonic ancestry]
  1292 | D:3      | Reached XP level 6. HP: 33/47 MP: 6/6
  1456 | D:4      | Noticed Sigmund
  1465 | D:4      | Killed Sigmund
  1609 | D:4      | Reached skill level 6 in Axes
  1609 | D:4      | Gained mutation: A meltable shield of frost defends you.
                  | (SH +4) [demonic ancestry]
  1609 | D:4      | Reached XP level 7. HP: 30/53 MP: 7/7
  1722 | D:4      | Found a basalt altar of Yredelemnul.
  1723 | D:4      | Found a sacrificial altar of Ru.
  1724 | D:4      | Found a shadowy altar of Dithmenos.
  1724 | D:4      | Found a burning altar of Makhleb.
  1728 | D:4      | Became a worshipper of Makhleb the Destroyer
  1764 | D:4      | Found a stormy altar of Qazlal.
  1981 | D:4      | Found a runed translucent door.
  1982 | D:4      | Noticed Darius099's ghost (amateur OpBr)
  1998 | D:4      | Killed Darius099's ghost
  2004 | D:4      | Found a runed translucent door.
  2047 | D:4      | Found a staircase to the Ecumenical Temple.
  2542 | D:1      | Found a faded altar of an unknown god.
  2633 | D:1      | Reached * piety under Makhleb
  2634 | D:1      | Reached skill level 5 in Evocations
  3034 | D:2      | Noticed Terence
  3043 | D:2      | Killed Terence
  3810 | D:5      | Entered Level 5 of the Dungeon
  3875 | D:5      | Gained mutation: A powerful demonic guardian rushes to your
                  | aid. [demonic ancestry]
  3875 | D:5      | Reached XP level 8. HP: 57/61 MP: 8/8
  4034 | D:5      | Reached skill level 7 in Axes
  4155 | D:5      | Reached ** piety under Makhleb
  4246 | D:5      | Found an ornate altar of the Wu Jian Council.
  4744 | D:5      | Reached skill level 5 in Fighting
  5665 | D:6      | Reached skill level 8 in Axes
  5734 | D:6      | Reached XP level 9. HP: 68/68 MP: 9/9
  6207 | D:7      | Found a runed translucent gate.
  6207 | D:7      | Found a runed translucent gate.
  6207 | D:7      | Found a runed translucent gate.
  6210 | D:7      | Noticed math4jedi's ghost (novice MiBe)
  6210 | D:7      | Noticed a deep elf pyromancer
  7372 | D:8      | Reached skill level 5 in Armour
  7407 | D:8      | Found a staircase to the Lair.
  7426 | D:8      | Reached skill level 9 in Axes
  7432 | D:8      | Reached *** piety under Makhleb
  7446 | D:8      | Slain by a yak

Illustrated notes

Levels and vault maps discovered:
D:1:      dpeg_arrival_ternary, layout_basic, basic_ecumenical_altar
D:2:      layout_loops_ring, uniq_terence
D:3:      minmay_octagon_keep, layout_rooms, gammafunk_ghost_nasty_kobolds,
          minmay_quantized
D:4:      layout_loops_ring, mainiacjoe_overflow_chevrons,
          mainiacjoe_overflow_alcove_3, minmay_temple_entry_statues_pillars,
          ebering_ghost_sewer_f, uniq_sigmund
D:5:      layout_cave_pods, lemuel_crystal_altar, kennysheep_nub
D:6:      layout_loops_ring, kennysheep_generic_room_6
D:7:      layout_basic, good_gods_mini_temple, gammafunk_ghost_split
D:8:      layout_basic, amethyst_overflow_temple_binary,
          erik_lair_orcish_takeover, serial_bayou_crossing, uniq_erica,
          uniq_gastronok

Skill      XL: |  1  2  3  4  5  6  7  8  9 |
---------------+----------------------------+-----
Axes           | 2 3 5 6 8 9 |  9.1
Armour         | 2 3 4 5 |  5.1
Fighting       | 4 5 6 |  6.4
Evocations     | 5 6 |  6.9

Action                     |  1- 3 |  4- 6 |  7- 9 || total
---------------------------+-------+-------+-------++-------
  Melee: Hand axe          |    55 |    61 |   326 ||   442
         Punch             |       |     1 |     5 ||     6
  Throw: Boomerang         |    17 |    32 |     4 ||    53
         Dart              |       |       |    46 ||    46
  Evoke: Box of beasts     |     1 |     3 |     1 ||     5
         Phantom mirror    |       |     2 |     1 ||     3
    Use: Potion            |       |     4 |       ||     4
         Scroll            |       |       |    13 ||    13
 Armour: Leather armour    |     7 |       |       ||     7
         Ring mail         |    23 |    24 |       ||    47
         Chain mail        |       |    10 |    64 ||    74
         Scale mail        |       |       |    94 ||    94
  Dodge: Dodged            |    37 |    28 |   116 ||   181
  Block: Other             |       |       |    82 ||    82
         Reflection        |       |       |     4 ||     4

Table legend: (Time is in decaauts)
 A = Elapsed time spent in this place.
 B = Non-inter-level travel time spent in this place.
 C = Inter-level travel time spent in this place.
 D = Time resting spent in this place.
 E = Time spent auto-exploring this place.
 F = Levels seen in this place.
 G = Mean time per level.
                   A        B        C        D        E       F      G
               +--------+--------+--------+--------+--------+-----+--------+
         Total |   7482 |   7007 |    475 |    498 |   4651 |   8 |  935.2 |
       Dungeon |   7482 |   7007 |    475 |    498 |   4651 |   8 |  935.2 |
               +--------+--------+--------+--------+--------+-----+--------+

Top non-repeatable levels by time:
     D:6: 1279 daAuts
     D:4: 1231 daAuts
     D:3: 1219 daAuts
     D:7: 1156 daAuts
     D:5: 956 daAuts
     D:2: 864 daAuts
     D:1: 588 daAuts
     D:8: 186 daAuts
